Map: Triton LE

Players

chapaco

  • Race: Terran Terran
  • League: Gold
  • Spawn Location: 11:00

Ratl - Winner!

  • Race: Protoss Protoss
  • League: Silver
  • Spawn Location: 5:00

VOD

Have the link to the VOD?

Description

Time

  • Played on: Feb. 5, 2020, 9:20 p.m.
  • Length: 12:59
Show
View Real Time Build Order
Export as new Build Order

chapaco Terran 

Build Orders:  

Get SALT Encoding   

  12  0:01  SCV  
  13  0:13  SCV  
  14  0:21  Supply Depot  
  14  0:25  SCV  
  15  0:43  SCV  
  15  0:45  Barracks  
  16  1:08  Barracks  
  16  1:09  SCV, Barracks  
  17  1:19  Refinery  
  17  1:27  Refinery  
  17  1:29  SCV  
  18  1:36  Marine  
  19  1:53  Orbital Command  
  19  1:57  Barracks Tech Lab  
  19  1:59  Barracks Tech Lab  
  19  2:01  Marine  
  20  2:12  Supply Depot  
  20  2:20  Marauder  
  22  2:29  Stimpack  
  22  2:40  Marine  
  23  2:46  Barracks Reactor  
  23  2:48  Marauder  
  25  2:57  Bunker  
  25  3:07  Marine  
  25  3:09  Marine  
  25  3:11  Concussive Shells  
  27  3:21  SCV  
  28  3:27  Marine  
  29  3:36  Factory  
  29  3:39  Marauder  
  31  4:01  Marine  
  31  4:07  Marauder  
  30  4:24  Factory Reactor, Command Center  
  30  4:27  SCV, Starport  
  31  4:34  Engineering Bay  
  31  4:47  Supply Depot  
  31  4:48  Combat Shield  
  31  5:05  Supply Depot  
  31  5:06  Starport Reactor  
  31  5:09  SCV, Marine, Widow Mine  
  31  5:11  Widow Mine  
  37  5:23  Supply Depot  
  37  5:33  Widow Mine x2  
  41  5:45  Medivac x2  
  41  5:49  Marauder  
  46  6:08  Bunker  
  46  6:13  Orbital Command  
  46  6:16  Widow Mine  
  48  6:21  SCV  
  48  6:24  Marine  
  50  6:33  SCV, Liberator  
  54  6:40  SCV, Refinery  
  57  6:47  Widow Mine  
  57  6:49  Widow Mine  
  57  6:52  Marine x2  
  61  6:56  Marauder  
  61  7:01  Terran Infantry Weapons Level 1  
  63  7:13  Marauder  
  63  7:14  Marine, Factory  
  66  7:20  Liberator  
  69  7:36  Marine  
  70  7:59  Supply Depot  
  70  8:00  Supply Depot  
  70  8:12  Marauder  
  70  8:17  SCV  
  70  8:19  Marauder  
  70  8:20  Viking x2, Marine x2  
  74  8:38  Marine  
  74  8:40  Marauder  
  63  9:20  Marine  
  63  9:21  Marauder  
  60  9:26  Liberator x2  
  66  9:32  SCV x2  
  68  9:40  Marauder, Marine x2  
  68  9:42  Marauder  
  68  9:44  SCV  
  75  9:50  Command Center  
  75  9:52  Factory Tech Lab  
  75  9:53  Starport  
  75  10:01  Marine x3  
  78  10:12  Armory  
  78  10:29  Siege Tank  
  81  10:37  SCV  
  81  10:38  SCV  
  83  10:44  Refinery  
  83  10:47  Starport Tech Lab  
  83  10:52  Missile Turret  
  85  10:57  Widow Mine  
  85  11:01  Cyclone  
  85  11:02  Widow Mine  
  90  11:07  Supply Depot  
  90  11:09  Supply Depot  
  90  11:14  Missile Turret  
  90  11:17  Orbital Command  
  90  11:34  Siege Tank  
  93  11:41  Refinery  
  93  11:48  Refinery  
  93  11:55  Orbital Command  
  93  12:02  Factory  
  93  12:04  Factory  
  93  12:10  Sensor Tower  
  93  12:11  SCV x2  
  74  12:36  Marine x2  
  59  12:37  Marauder x2  
Show
View Real Time Build Order
Export as new Build Order

Ratl Protoss - Winner!

Build Orders: Double Forge, Chargelot Immortal 

Get SALT Encoding   

  12  0:01  Probe  
  13  0:13  Probe  
  14  0:23  Pylon  
  14  0:25  Probe  
  15  0:41  Probe  
  16  0:45  Gateway  
  16  0:48  Assimilator  
  16  0:53  Probe  
  17  1:02  Assimilator  
  17  1:05  Probe  
  18  1:17  Probe  
  19  1:18  Gateway  
  19  1:29  Probe  
  20  1:36  Cybernetics Core  
  20  1:41  Probe  
  21  1:53  Probe  
  22  2:05  Probe  
  22  2:07  Warp Gate (Chrono Boost)  
  23  2:18  Pylon  
  23  2:26  Pylon  
  23  2:35  Probe  
  23  2:36  Stalker x2  
  27  2:47  Probe  
  28  2:52  Robotics Facility  
  28  2:54  Forge  
  28  2:59  Probe  
  29  3:07  Stalker  
  29  3:08  Stalker  
  29  3:11  Probe  
  34  3:23  Probe  
  35  3:35  Probe  
  35  3:37  Protoss Ground Weapons Level 1 (Chrono Boost)  
  35  3:40  Observer  
  37  3:47  Nexus  
  37  3:52  Probe  
  38  4:02  Observer  
  39  4:04  Probe  
  38  4:12  Pylon  
  38  4:15  Pylon  
  38  4:17  Probe  
  39  4:27  Forge  
  39  4:30  Probe  
  40  4:40  Immortal  
  40  4:42  Probe, Stalker  
  47  4:54  Probe  
  49  5:00  Probe  
  49  5:07  Probe, Assimilator  
  50  5:11  Protoss Ground Armor Level 1 (Chrono Boost)  
  50  5:12  Probe, Stalker  
  53  5:19  Probe  
  54  5:24  Probe  
  55  5:31  Probe  
  56  5:36  Probe  
  56  5:40  Twilight Council, Immortal  
  56  5:41  Robotics Bay  
  61  5:43  Probe  
  61  5:48  Probe  
  63  6:03  Nexus  
  63  6:11  Probe x2  
  65  6:12  Protoss Ground Weapons Level 2 (Chrono Boost)  
  65  6:17  Charge  
  65  6:21  Immortal  
  65  6:23  Probe  
  70  6:28  Assimilator  
  70  6:42  Pylon  
  70  6:43  Pylon  
  70  6:47  Pylon  
  70  6:54  Pylon  
  70  6:59  Pylon  
  70  7:00  Probe x2  
  70  7:01  Immortal  
  76  7:06  Robotics Facility  
  76  7:09  Protoss Ground Armor Level 2 (Chrono Boost)  
  76  7:12  Probe x2  
  78  7:18  Stalker x2  
  82  7:24  Probe  
  83  7:30  Gateway  
  83  7:31  Gateway  
  83  7:34  Gateway  
  83  7:36  Gateway  
  83  7:40  Immortal  
  88  7:44  Probe x2  
  88  7:46  Probe  
  90  7:56  Probe  
  90  7:57  Probe  
  92  8:01  Probe  
  93  8:08  Probe  
  93  8:09  Probe  
  93  8:10  Warp Prism  
  93  8:12  Assimilator  
  97  8:13  Probe  
  97  8:14  Assimilator  
  97  8:15  Zealot x2  
  98  8:28  Immortal  
  100  8:36  Zealot x5  
  110  8:48  Probe x2  
  112  8:54  Stalker  
  88  9:31  Probe (Chrono Boost)  
  88  9:37  Probe x2 (Chrono Boost)  
  91  9:41  Protoss Ground Weapons Level 3 (Chrono Boost), Protoss Ground Armor Level 3 (Chrono Boost)  
  91  9:42  Probe (Chrono Boost)  
  91  9:44  Assimilator  
  102  9:45  Immortal x2  
  102  9:46  Probe x2 (Chrono Boost)  
  102  9:47  Probe (Chrono Boost)  
  103  9:56  Probe  
  103  9:58  Zealot x4  
  103  9:59  Zealot x2  
  116  10:02  Photon Cannon  
  116  10:04  Pylon  
  116  10:07  Photon Cannon  
  116  10:09  Photon Cannon  
  116  10:10  Probe, Templar Archives  
  116  10:11  Probe x2, Dark Shrine  
  119  10:23  Probe x2  
  119  10:24  Immortal  
  119  10:27  Observer  
  125  10:31  Immortal  
  129  10:55  Zealot x2  
  133  11:03  Pylon  
  133  11:05  Pylon  
  133  11:10  Pylon  
  133  11:11  Warp Prism  
  133  11:13  Pylon  
  133  11:17  Pylon  
  133  11:20  Photon Cannon, Colossus  
  133  11:24  Photon Cannon  
  141  11:25  Pylon  
  141  11:28  Pylon  
  141  11:33  Dark Templar x4  
  141  11:34  Dark Templar x2  
  141  11:36  Pylon  
  153  12:03  Immortal  
Tags
 
Add a new tag
Caveats
  • Supply blocks, unpowered buildings, or Contaminate may cause inaccurate times.
  • Supply counts are checked every 10 seconds.